 Dungeon Crawl Stone Soup version 0.31-a0-549-gf98fd537a9 (webtiles) character file.

Game seed: 5543876034729972683

702 AdnanSaban the Cudgeller (level 7, -8/43 HPs)
             Began as a Gargoyle Fighter on Aug 16, 2023.
             Was a Believer of Okawaru.
             Killed by divine providence
             ... invoked by an orc priest
              (10 damage)
             ... on level 5 of the Dungeon.
             The game lasted 00:03:31 (3230 turns).

AdnanSaban the Cudgeller (Gargoyle Fighter)         Turns: 3230, Time: 00:03:32

Health: -8/43      AC: 18    Str: 21    XL:     7   Next: 66%
Magic:  7/7        EV: 21    Int:  9    God:    Okawaru [**....]
Gold:   136        SH:  4    Dex:  9    Spells: 6/6 levels left

rFire   . . .        o - +1 whip (drain)
rCold   . . .        c - +0 buckler
rNeg    + + .        g - +0 plate armour
rPois   ∞            p - +0 helmet
rElec   +            (no cloak)
rCorr   .            (no gloves)
SInv    +            (no boots)
Will    .....        t - amulet of the acrobat Stlth
                     e - ring of positive energy
HPRegen 0.27/turn    w - ring of see invisible
MPRegen 0.10/turn

%: acrobat
@: acrobatic
A: sickness immunity, AC +4, negative energy resistance 1, electricity
resistance, torment resistance 1, petrification resistance
a: Renounce Religion, Heroism


You were on level 5 of the Dungeon.
You worshipped Okawaru.
Okawaru was pleased with you.
You visited 1 branch of the dungeon, and saw 5 of its levels.

You collected 136 gold pieces.

Inventory:

Hand Weapons
 a - a +0 flail
 o - a +1 whip of draining (weapon)
Missiles
 z - 2 silver javelins
 B - 3 poisoned darts
Armour
 c - a +0 buckler (worn)
 g - a +0 plate armour (worn)
 p - a +0 helmet (worn)
Jewellery
 e - a ring of positive energy (left hand)
 t - an amulet of the acrobat (around neck)
 w - a ring of see invisible (right hand)
Wands
 b - a wand of mindburst (18)
Scrolls
 f - a scroll of vulnerability {unknown}
 h - 7 scrolls of identify {unknown}
 m - 5 scrolls of revelation {unknown}
 n - a scroll of poison {unknown}
 q - a scroll of immolation {unknown}
 r - a scroll of teleportation {unknown}
 y - 3 scrolls of enchant armour {unknown}
Potions
 d - a potion of might
 i - 2 potions of brilliance {unknown}
 j - a potion of cancellation {unknown}
 k - a potion of lignification {unknown}
 l - a potion of resistance {unknown}
 s - a potion of magic {unknown}
 u - 2 potions of heal wounds {unknown}
 v - a potion of attraction {unknown}
 x - a potion of berserk rage {unknown}
 A - a potion of haste {unknown}


   Skills:
 + Level 4.2 Fighting
 + Level 6.3 Maces & Flails
 + Level 5.0 Armour
 + Level 0.2 Stealth
 + Level 4.8 Shields


You had 6 spell levels left.
You didn't know any spells.
Your spell library contained the following spells:

 Spells                   Type           Power      Damage    Failure   Level
 Foxfire                  Conj/Fire      0%         2x1d4     100%        1
 Ensorcelled Hibernation  Hex/Ice        0%         N/A       100%        2
 Passwall                 Tmut/Erth      0%         N/A       100%        2
 Wereblood                Tmut           0%         N/A       100%        2
 Vhi's Electric Charge    Tloc/Air       0%         N/A       100%        3
 Anguish                  Hex/Necr       0%         N/A       100%        4
 Arcjolt                  Conj/Air       0%         1d10      100%        5
 Irradiate                Conj/Tmut      0%         3d11      100%        5
 Plasma Beam              Fire/Air       0%         2x1d10    100%        6
 Starburst                Conj/Fire      0%         6d3       100%        6
 Orb of Destruction       Conj           0%         9d5       100%        7
 Maxwell's Capacitive Co  Air            0%         ∞         100%        8
 Summon Guardian Golem    Hex/Summ       Unusable   N/A       N/A         3
 Spellforged Servitor     Conj/Summ      Unusable   N/A       N/A         7

Dungeon Overview and Level Annotations

Branches:
Dungeon (5/15)
 Temple: D:4-7

Altars:
Makhleb
Nemelex Xobeh
Okawaru


Innate Abilities, Weirdness & Mutations

You are immune to sickness and miasma.
Your stone body is resilient. (AC +4)
You are immune to poison.
You resist negative energy. (rN+)
You are resistant to electric shocks. (rElec)
You are resistant to unholy torment.
You are immune to petrification.


Message History

You barely miss the orc priest.
The orc priest is heavily wounded.
You block the orc priest's attack.
You hit the orc priest but do no damage.
You drain the orc priest.
The orc priest is severely wounded.
You hit the orc but do no damage. You drain the orc.
The orc is severely wounded.
An orc comes into view. It is wielding a +0 hand axe.
You closely miss the orc priest.
The orc priest is severely wounded.
The orc priest looks braver for a moment.
An orc priest comes into view. It is wielding a +0 dagger.
The orc hits you but does no damage.
You hit the orc priest but do no damage.
The orc priest is severely wounded.
The orc priest invokes the aid of Beogh against you.
Beogh smites you! The orc hits you but does no damage.
You hit the orc priest.
The orc priest is severely wounded.
You hit the orc priest.
You kill the orc priest!
Okawaru accepts your kill. The orc hits you with a +0 dagger.
You are too injured to fight recklessly!
You are too injured to fight recklessly!
You are too injured to fight recklessly!
You are too injured to fight recklessly!
You hit the orc but do no damage.
The orc is severely wounded.
The orc hits you with a +0 hand axe. The orc hits you but does no damage.
The orc attacks as you move away! The orc hits you but does no damage.
The orc priest invokes the aid of Beogh against you.
Beogh smites you!
* * * LOW HITPOINT WARNING * * *
The orc attacks as you move away! The orc misses you.
The orc priest yells loudly, as Orcs often do.
The orc priest calls down the wrath of Beogh upon you.
Beogh smites you!
You die...

#..# #.# ...>..# #..#
#.# .......
.#####..#### #.#
..... ...........#
#.# ...
.#####.#...###.##.# #
#............##..#
............#.......#
####.......##..##...#
###....##.@...#.#.#
#...#...o...# ...
#.###....o..# .# #.
##..[).#...## #.
##..o.##### ##.#.#
#.#.. #.#### #.#


You could see an orc priest and 2 orcs.

Vanquished Creatures
  A water moccasin (D:5)
  Duvessa (D:5)
  An ogre (D:4)
  A centaur (D:4)
  A phantom (D:5)
  Dowan (D:5)
  An orc priest (D:5)
  A sleepcap (D:4)
  A mummy (D:4)
  Robin (D:1)
  6 adders
  4 worms
  3 dart slugs
  4 orcs
  4 ball pythons
  2 endoplasms
  2 giant cockroaches (D:3)
  14 goblins
  6 hobgoblins
  4 kobolds
  5 quokkas
  7 bats
  3 frilled lizards
  3 hobgoblin zombies (D:4)
  An orc zombie (D:4)
  5 rats
83 creatures vanquished.

Notes
Turn   | Place    | Note
-------+----------+-------------------------------------------
     0 | D:1      | AdnanSaban the Gargoyle Fighter began the quest for the
                  | Orb.
     0 | D:1      | Reached XP level 1. HP: 14/14 MP: 1/1
   274 | D:1      | Reached XP level 2. HP: 19/19 MP: 2/2
   818 | D:2      | Reached XP level 3. HP: 23/23 MP: 3/3
   835 | D:2      | Found an iron altar of Okawaru.
   837 | D:2      | Got the Book of Transmigration
   845 | D:2      | Became a worshipper of Warmaster Okawaru
   918 | D:2      | Found a faded altar of an unknown god.
  1051 | D:2      | Noticed Robin
  1161 | D:1      | Killed Robin
  1162 | D:1      | Reached skill level 3 in Maces & Flails
  1231 | D:2      | Reached XP level 4. HP: 28/28 MP: 4/4
  1595 | D:3      | Found a sparkling altar of Nemelex Xobeh.
  1988 | D:3      | Reached XP level 5. HP: 27/32 MP: 5/5
  2347 | D:4      | Found a large runed translucent door.
  2347 | D:4      | Found a large runed translucent door.
  2372 | D:4      | Noticed an ogre
  2388 | D:4      | Killed an ogre
  2388 | D:4      | Reached * piety under Okawaru
  2389 | D:4      | Reached skill level 4 in Maces & Flails
  2473 | D:4      | Reached XP level 6. HP: 38/38 MP: 6/6
  2893 | D:4      | Found an iron altar of Okawaru.
  2901 | D:4      | Found a burning altar of Makhleb.
  2925 | D:5      | Entered Level 5 of the Dungeon
  2931 | D:5      | Noticed Duvessa
  2935 | D:5      | Noticed Dowan
  2964 | D:5      | Killed Duvessa
  2965 | D:5      | Reached skill level 5 in Maces & Flails
  2965 | D:5      | Reached XP level 7. HP: 43/43 MP: 7/7
  3008 | D:5      | Killed Dowan
  3057 | D:5      | Reached ** piety under Okawaru
  3058 | D:5      | Reached skill level 6 in Maces & Flails
  3058 | D:5      | Reached skill level 5 in Armour
  3229 | D:5      | HP: 2/43 [orc priest/divine providence (12)]
  3230 | D:5      | Killed from afar by an orc priest

Illustrated notes

Levels and vault maps discovered:
D:1:      dpeg_arrival_oval, layout_loops_ring
D:2:      layout_loops_ring, hellmonk_ecumenical_altar_crossroads, basic_altar,
          uniq_robin
D:3:      minmay_recursive_quarters, layout_loops_ring,
          nemelex_xobeh_ov_fountains_minmay
D:4:      layout_cave_pools, jmf_multi_god_temple2, mrwooster_statue_mirror,
          minmay_mini_ossuary
D:5:      layout_loops_ring, uniq_duvessa

Skill      XL: |  1  2  3  4  5  6  7 |
---------------+----------------------+-----
Shields        | 4 |  4.8
Maces & Flails | 3 4 5 6 |  6.3
Armour         | 4 5 |  5.0
Fighting       | 4 |  4.2
Stealth        | |  0.2

Action                     |  1- 3 |  4- 6 |  7- 9 || total
---------------------------+-------+-------+-------++-------
  Melee: Flail             |   114 |       |       ||   114
         Whip              |     7 |   203 |    63 ||   273
 Armour: Plate armour      |   123 |   111 |    27 ||   261
  Dodge: Dodged            |    35 |    50 |    12 ||    97
  Block: Buckler           |    31 |    41 |    10 ||    82

Table legend: (Time is in decaauts)
 A = Elapsed time spent in this place.
 B = Non-inter-level travel time spent in this place.
 C = Inter-level travel time spent in this place.
 D = Time resting spent in this place.
 E = Time spent auto-exploring this place.
 F = Levels seen in this place.
 G = Mean time per level.
                   A        B        C        D        E       F      G
               +--------+--------+--------+--------+--------+-----+--------+
         Total |   3242 |   3140 |    102 |    152 |   2258 |   5 |  648.4 |
       Dungeon |   3242 |   3140 |    102 |    152 |   2258 |   5 |  648.4 |
               +--------+--------+--------+--------+--------+-----+--------+

Top non-repeatable levels by time:
     D:1: 841 daAuts
     D:2: 767 daAuts
     D:3: 718 daAuts
     D:4: 622 daAuts
     D:5: 292 daAuts
